Unix NetHack Version 5.0.0-0 post-release - last build May 31 2026 13:37:37 (4f47d67043fb8e84071ad9bc9740482a2de5bd5e,branch:main).

Game began 2026-05-31 14:59:25, ended 2026-05-31 15:21:15.

DaveT, lawful male human Priest

    ---------------
    |.............|
    |.......(.....+
    |.......<.....|
    |.............|
    -------.-------
           #
         ###
         #
       ###
      ##
    ###
   -.-------
   |.......|
   |......O%######
   |.......| ##[###@#
   ---------

DaveT the Adept              St:11 Dx:14 Co:15 In:8 Wi:18 Ch:14  Lawful
Dlvl:8  $:683 HP:0(51) Pw:69(118) AC:2  Xp:7 T:4440  Burdened

Latest messages:
 You hit the kitten!
 The kitten bites!
 The kitten bites!
 You fail to cast the spell correctly.
 The kitten bites!
 The kitten bites!
 What do you want to drink? [dlTW or ?*] ?
 You feel better.
 The kitten bites!
 The kitten bites!
 You hit the kitten!
 The kitten bites!
 You miss the kitten.
 The kitten misses!
 You kill the kitten!
 You fail to cast the spell correctly.
 You fail to cast the spell correctly.
 You fail to cast the spell correctly.
 In what direction? .
 You feel much better.
 You feel more confident in your spell casting skills.
 You see here a food ration.
 You hear a door open.
 You have a little trouble lifting q - a food ration (4 in total).
 You hear an A note squeak in the distance.
 There is a doorway here.
 You see here a kitten corpse.
 There are several objects here.
 The ogre wields a club!
 You hit the ogre.
 The ogre swings his club.
 The ogre hits!
 You hit the ogre!
 The ogre swings his club.
 The ogre hits!
 You hit the ogre!
 The ogre swings his club.
 The ogre hits!
 You kill the ogre!
 There is an ogre corpse here; eat it? [ynq] (n) y
 This ogre corpse tastes okay.
 It hits!
 You stop eating the ogre corpse.
 It hits again!
 You hit it.
 It hits!
 It hits again!
 You die...
 Do you want your possessions identified? [ynq] (y) y
 Do you want to see your attributes? [ynq] (y) q

Inventory:
 Coins    ('$')
  $ - 683 gold pieces
 Weapons  (')')
  k - a +0 arrow (in quiver)
  D - 4 +0 crossbow bolts
  n - a +0 dagger
  a - a blessed +1 mace (weapon in right hand)
  X - a +0 silver mace
 Armor    ('[')
  Z - a +0 orcish helm (being worn)
  L - a +0 pair of jumping boots (being worn)
  c - a +0 small shield (being worn)
  b - a +1 robe (being worn)
  F - a burnt +0 Hawaiian shirt with a jellyfish motif (being worn)
  H - a blessed +0 leather armor (being worn)
 Comestibles  ('%')
  e - a clove of garlic
  q - 4 food rations
 Scrolls  ('?')
  R - a scroll of confuse monster
  u - a cursed scroll of destroy armor
  M - a scroll of scare monster
 Spellbooks  ('+')
  h - a spellbook of extra healing
  g - a spellbook of light
 Potions  ('!')
  l - a potion of see invisible
  W - a potion of speed
  d - 5 potions of holy water
 Wands    ('/')
  Y - a wand of digging (0:4)
  N - a wand of digging (0:2)
  t - a blessed wand of light (0:14)
  p - a wand of opening (0:6)
  j - a wand of teleportation (0:4)
 Tools    ('(')
  B - a blindfold
  K - a lock pick
  i - a magic marker (0:20)
  s - a magic whistle
 Gems/Stones  ('*')
  C - 2 worthless pieces of red glass
  z - a worthless piece of white glass

DaveT the Priest's attributes:

Background:
 You were an Adept, a level 7 human Priest.
 You were lawful, on a mission for Mercury
 who was opposed by Venus (neutral) and Mars (chaotic).
 You were right-handed.
 You were in the Dungeons of Doom, on level 8.
 You entered the dungeon 4440 turns ago.
 There was a full moon in effect when your adventure ended.
 You had 938 experience points, 342 more were needed to attain level 8.

Basics:
 You had 0 out of 51 hit points.
 You had 69 out of 118 energy points (spell power).
 Your armor class was 2.
 Your wallet contained 683 zorkmids.
 Autopickup was off.

Final Characteristics:
 Your strength was 11 (limit:18/100).
 Your dexterity was 14 (limit:18).
 Your constitution was 15 (limit:18).
 Your intelligence was 8 (limit:18).
 Your wisdom was 18 (limit:18).
 Your charisma was 14 (limit:18).

Final Status:
 You weren't hungry.
 You were burdened; movement was slightly slowed.
 You were wielding a mace.
 You had basic skill with mace and could have enhanced that.

Final Attributes:
 You were piously aligned.
 You could jump.
 You were guarded.
 Your spell casting was enhanced by wearing a robe.
 You were fast.
 You were lucky.
 You are dead.

Miscellaneous:
 You didn't encounter any bones levels.
 Total elapsed playing time was 21 minutes and 49 seconds.

Major events:
 Turn
    1: DaveT the lawful human Priest entered the dungeon
 1334: attained the rank of Acolyte (level 3)
 2804: attained the rank of Adept (level 6)
 4440: killed by an invisible orc-captain

Spells:
 Name                 Level Category     Fail Retention
 light                  1   clerical       0%   71%-80%
 extra healing          3   healing       68%  76%-100%

Skills:
 Fighting Skills
   bare handed combat [Unskilled]
 Weapon Skills
   club               [Unskilled]
   mace               [Basic]
   morning star       [Unskilled]
   flail              [Unskilled]
   hammer             [Unskilled]
   quarterstaff       [Unskilled]
   polearms           [Unskilled]
   spear              [Unskilled]
   trident            [Unskilled]
   lance              [Unskilled]
   bow                [Unskilled]
   sling              [Unskilled]
   crossbow           [Unskilled]
   dart               [Unskilled]
   shuriken           [Unskilled]
   boomerang          [Unskilled]
   unicorn horn       [Unskilled]
 Spellcasting Skills
   healing spells     [Unskilled]
   divination spells  [Unskilled]
   clerical spells    [Basic]

Voluntary challenges:
 Character rerolling was not enabled.
 You never genocided any monsters.
 You never polymorphed an object.
 You never changed form.
 You used no wishes.
Achievements:
 You attained the rank of Acolyte.
 You entered a shop.
 You attained the rank of Adept.

 The Dungeons of Doom: levels 1 to 8
    Level 1: "vault"
       A fountain.
    Level 2:
       A fountain.
    Level 3:
       Some fountains.
    Level 4:
    Level 5:
       A general store, some fountains, a sink.
    Level 6:
       A fountain.
    Level 7:
    Level 8: <- You were here.
       Final resting place for
          you, killed by an invisible orc-captain.


Vanquished creatures:
  a small mimic
  a leather golem
 11 leprechauns
  a giant spider
  a gnome ruler
 an ogre
  a raven
 an ape
  a fire ant
 an imp
 an orc shaman
  2 rock piercers
  a rock mole
  2 giant ants
  a floating eye
  a kitten
  4 hill orcs
  4 rothes
  3 giant bats
  a monkey
  2 dwarf zombies
  a werejackal
 an iguana
 an acid blob
  a gas spore
  4 manes
  a large kobold
  a cave spider
  a yellow mold
  a red mold
  3 garter snakes
  4 geckos
  5 jackals
  3 foxes
  a kobold
  3 grid bugs
  3 lichens
  3 kobold zombies
  6 newts
85 creatures vanquished.

No species were genocided or became extinct.

Game over:
                       ----------
                      /          \
                     /    REST    \
                    /      IN      \
                   /     PEACE      \
                  /                  \
                  |      DaveT       |
                  |      683 Au      |
                  |   killed by an   |
                  |    invisible     |
                  |   orc-captain    |
                  |                  |
                  |       2026       |
                 *|     *  *  *      | *
        _________)/\\_//(\/(/\)/\//\/|_)_______

Goodbye DaveT the Priest...

You died in The Dungeons of Doom on dungeon level 8 with 4787 points,
and 683 pieces of gold, after 4440 moves.
You were level 7 with a maximum of 51 hit points when you died.

